 Dungeon Crawl Stone Soup version 0.21.0-3-g78d12a8 (webtiles) character file.

392 JeffiDaFish the Shield-Bearer (level 6, 0/53 HPs)
             Began as a Minotaur Fighter on Jan 18, 2018.
             Slain by a bullfrog skeleton (4 damage)
             ... on level 5 of the Dungeon.
             The game lasted 00:05:14 (2998 turns).

JeffiDaFish the Shield-Bearer (Minotaur Fighter)    Turns: 2998, Time: 00:05:15

Health: 0/53       AC:  8    Str: 21    XL:     6   Next: 50%
Magic:  0/5        EV:  4    Int:  5    God:
Gold:   193        SH: 11    Dex: 11    Spells: 5/5 levels left

rFire    . . .     SeeInvis .   j - +3 hand axe (elec)
rCold    + . .     Gourm    .   c - +1 shield
rNeg     . . .     Faith    .   h - +0 plate armour
rPois    .         Spirit   +   (helmet restricted)
rElec    .         Reflect  .   k - scarf {Spirit}
rCorr    +         Harm     .   p - +0 pair of gloves
MR       .....                  (no boots)
Stlth    ..........             (no amulet)
HPRegen  0.17/turn              s - ring of resist corrosion
MPRegen  0.09/turn              m - ring of stealth

@: no status effects
A: retaliatory headbutt, hooves 1, horns 2, cold resistance 1, deformed body
a: no special abilities


You were on level 5 of the Dungeon.
You were near starving.

You visited 1 branch of the dungeon, and saw 5 of its levels.

You collected 193 gold pieces.

Inventory:

Hand Weapons
 a - a +1 war axe
 i - a +0 spear
 j - a +3 hand axe of electrocution (weapon)
Armour
 c - a +1 shield (worn)
 h - a +0 plate armour (worn)
 k - a scarf of spirit shield (worn)
 p - a +0 pair of gloves (worn)
Jewellery
 m - a ring of stealth (right hand)
 s - a ring of resist corrosion (left hand)
Scrolls
 b - 3 scrolls of teleportation
 l - 2 scrolls of identify
 n - 5 scrolls of remove curse
Potions
 d - a potion of might
 e - 2 potions of curing
 o - a potion of heal wounds
 r - a potion of haste
Comestibles
 f - 7 rations


   Skills:
 + Level 4.7 Fighting
 + Level 5.2 Axes
 + Level 5.2 Armour
 + Level 0.5 Dodging
 + Level 0.1 Stealth
 + Level 5.5 Shields


You had 5 spell levels left.
You didn't know any spells.

Dungeon Overview and Level Annotations

Branches:
Dungeon (5/15)
 Temple: D:4-7

Altars:
Dithmenos
Gozag
Qazlal
Vehumet


Innate Abilities, Weirdness & Mutations

You reflexively headbutt those who attack you in melee.
You have a pair of horns on your head.
You have large cloven feet.
Your flesh is cold resistant. (rC+)
Armour fits poorly on your strangely shaped body.


Message History

The worker ant zombie bites you.
* * * LOW HITPOINT WARNING * * *
You block the bullfrog skeleton's attack.
The worker ant zombie bites you but does no damage.
The bullfrog skeleton barely misses you.
You furiously retaliate!
You headbutt the bullfrog skeleton! The worker ant zombie bites you.
* * * LOW HITPOINT WARNING * * *
The bullfrog skeleton hits you but does no damage.
The worker ant zombie bites you.
* * * LOW HITPOINT WARNING * * *
The bullfrog skeleton hits you but does no damage.
The bullfrog skeleton hits you but does no damage.
The worker ant zombie barely misses you.
You block the bullfrog skeleton's attack.
The worker ant zombie bites you but does no damage.
The bullfrog skeleton hits you but does no damage.
You block the worker ant zombie's attack.
The bullfrog skeleton hits you.
You die...

#.≈≈≈...## ..≈≈≈≈...#
#####.PP.. #.≈≈≈....#
#?....P.P. ..≈.≈≈...#
#.....P..P
#..≈.....######.....P.P.
..............#.......
..............#.....#
..####........#.)Z..#
### #........#.@Z..#
######.......###(..##
.............+..)..#
#######......###.###
#.....'......+ #.#
....###......# #.# ....#
#......# #.#
....########## #.#
#'#......... #.#


You could see a worker ant zombie and a bullfrog skeleton.

Vanquished Creatures
  An ogre (D:4)
  A centaur zombie (D:5)
  An orc wizard (D:3)
  2 orc priests (D:3)
  A bullfrog skeleton (D:5)
  A worker ant (D:4)
  A hound zombie (D:5)
  A gnoll (D:1)
  2 adders
  2 oozes
  2 adder skeletons (D:5)
  2 adder zombies (D:5)
  A leopard gecko (D:3)
  11 orcs
  13 giant cockroaches
  3 goblins
  4 hobgoblins
  3 jackals (D:3)
  2 kobolds (D:1)
  A quokka (D:3)
  7 bats
  A giant cockroach zombie (D:5)
  A leopard gecko zombie (D:5)
  4 rats (D:1)
68 creatures vanquished.

Notes
Turn   | Place    | Note
-------+----------+-------------------------------------------
     0 | D:1      | JeffiDaFish the Minotaur Fighter began the quest for the Orb.
     0 | D:1      | Reached XP level 1. HP: 19/19 MP: 0/0
   146 | D:1      | Reached XP level 2. HP: 27/27 MP: 1/1
   363 | D:1      | Reached XP level 3. HP: 32/33 MP: 2/2
   794 | D:2      | Found a stormy altar of Qazlal.
  1672 | D:3      | Reached XP level 4. HP: 40/40 MP: 3/3
  1828 | D:3      | Reached skill level 5 in Shields
  1828 | D:3      | Reached XP level 5. HP: 29/46 MP: 1/4
  2124 | D:4      | Found a shadowy altar of Dithmenos.
  2212 | D:4      | Found a radiant altar of Vehumet.
  2282 | D:4      | Noticed an ogre
  2288 | D:4      | Killed an ogre
  2288 | D:4      | Reached XP level 6. HP: 53/53 MP: 5/5
  2645 | D:5      | Entered Level 5 of the Dungeon
  2654 | D:5      | Found an opulent altar of Gozag.
  2691 | D:5      | Reached skill level 5 in Armour
  2725 | D:5      | Reached skill level 5 in Axes
  2750 | D:5      | Gained mutation: Armour fits poorly on your strangely shaped body. [potion of mutation]
  2750 | D:5      | Gained mutation: Your flesh is cold resistant. (rC+) [potion of mutation]
  2750 | D:5      | Gained mutation: You have large cloven feet. [potion of mutation]
  2998 | D:5      | Slain by a bullfrog skeleton

Skill      XL: |  1  2  3  4  5  6 |
---------------+-------------------+-----
Shields        | 4 5 |  5.5
Armour         | 4 5 |  5.2
Fighting       | 4 |  4.7
Axes           | 3 4 5 |  5.2
Dodging        | |  0.5
Stealth        | |  0.1

Action                   |  1- 3 |  4- 6 || total
-------------------------+-------+-------++-------
Melee: War axe           |    40 |       ||    40
       Headbutt          |     7 |     8 ||    15
       Hand axe          |    24 |    69 ||    93
       Kick              |       |     3 ||     3
  Use: Scroll            |    10 |     1 ||    11
       Potion            |     4 |     4 ||     8
  Eat: Chunk             |     2 |     3 ||     5
Armor: Scale mail        |    31 |       ||    31
       Plate armour      |     1 |    90 ||    91
Dodge: Dodged            |    21 |    27 ||    48
Block: Shield            |    39 |   105 ||   144
